 Dungeon Crawl Stone Soup version 0.29.1-15-g9cfb28693d (webtiles) character file.

Game seed: 6363147660756708580

47 H0rd4k the Charlatan (level 3, -2/26 HPs)
             Began as a Human Artificer on Apr 27, 2023.
             Slain by an adder (4 damage)
             ... on level 3 of the Dungeon.
             The game lasted 00:01:36 (2904 turns).

H0rd4k the Charlatan (Human Artificer)              Turns: 2904, Time: 00:01:36

Health: -2/26      AC:  3    Str: 12    XL:     3   Next: 97%
Magic:  3/3        EV: 11    Int: 13    God:
Gold:   76         SH:  0    Dex: 13    Spells: 2/2 levels left

rFire   . . .      SeeInvis .   l - +0 rapier (venom)
rCold   . . .      Faith    .   (no shield)
rNeg    . . .      Spirit   .   b - +0 leather armour
rPois   .          Reflect  .   (no helmet)
rElec   .          Harm     .   (no cloak)
rCorr   .          Rampage  .   (no gloves)
Will    .....                   (no boots)
Stlth   +.........              (no amulet)
HPRegen 0.08/turn               (no ring)
MPRegen 0.08/turn               (no ring)

@: lethally poisoned (-2 -> -5)
A: no striking features
a: no special abilities


You were on level 3 of the Dungeon.
You visited 1 branch of the dungeon, and saw 3 of its levels.

You collected 76 gold pieces.

Inventory:

Hand Weapons
 g - a +0 dagger of holy wrath
 l - a +0 rapier of venom (weapon)
Missiles
 n - 4 curare-tipped darts
Armour
 b - a +0 leather armour (worn)
Wands
 c - a wand of flame (15) (quivered)
 d - a wand of charming (12)
 e - a wand of iceblast (5)
Scrolls
 a - a scroll of fear {unknown}
 i - a scroll of butterflies {unknown}
 j - 2 scrolls of enchant weapon {unknown}
 k - a scroll of magic mapping {unknown}
 m - a scroll of identify {unknown}
 o - a scroll of torment {unknown}
Potions
 f - a potion of magic {unknown}
 h - a potion of flight {unknown}
 p - a potion of degeneration {unknown}
 q - a potion of heal wounds {unknown}
 r - 2 potions of curing {unknown}


   Skills:
 + Level 1.4 Fighting
 + Level 0.4 Short Blades
 - Level 2.0 Armour
 + Level 1.7 Dodging
 + Level 1.0 Stealth
 + Level 4.0 Evocations


You had 2 spell levels left.
You didn't know any spells.
Your spell library contained the following spells:

 Spells                   Type           Power      Damage    Failure   Level
 Summon Small Mammal      Summ           0%         N/A       36%         1
 Call Canine Familiar     Summ           0%         N/A       75%         3
 Summon Guardian Golem    Hex/Summ       0%         N/A       75%         3


Dungeon Overview and Level Annotations

Branches:
Dungeon (3/15)

Altars:
Qazlal


Message History

Aim: an orc, wielding a +0 short sword and wearing a +0 chain mail (heavily wounded, poisoned, chance to affect: 75%)
The orc is charmed.
The orc closely misses your orc.
The orc hits your orc but does no damage.
Unknown command.
What are your orders? t - Shout!
Orders for allies: a - Attack new target. p - Attack previous target. r - Retreat! s - Stop attacking. g - Guard the area. f - Follow me.
Anything else - Cancel.
Guard this area!
The orc hits your orc but does no damage.
Your orc hits the orc with a +0 short sword.
The orc hits your orc with a +0 hand axe.
Your orc hits the orc with a +0 short sword.
The orc throws a boomerang.
The boomerang barely misses your orc. The boomerang closely misses you.
The orc hits your orc but does no damage.
Your orc looks more healthy.
Your orc barely misses something.
The orc closely misses your orc.
Something hits your orc but does no damage.
An adder comes into view.
Something barely misses the orc.
The orc hits something with a +0 hand axe.
The adder attacks as you move away! The adder bites you.
* * * LOW HITPOINT WARNING * * *
You are lethally poisoned!
The adder poisons you!
* * * LOW HITPOINT WARNING * * *
You feel sick. The adder attacks as you move away! The adder barely misses you.
* * * LOW HITPOINT WARNING * * *
You feel sick.
The orc throws a boomerang.
The boomerang barely misses you.
Aiming: Charm
Press: ? - help, Shift-Dir - straight line, f - adder
Aim: an adder (chance to affect: 67%)
The adder struggles to resist.
* * * LOW HITPOINT WARNING * * *
You feel sick. The adder bites you.
You die...

~~~ ♣P #~~~ P~ ####~~~
~♣## .....♣~~ ~~.##P
......~~ ~.....
.......♣♣♣...# #.....S.#
#.#...#@# ......
#S#..o#.# .#.^.#
#.#...#.# .≈..##
#####....o..#####≈#_#^##
...........o##....≈≈.^..
##.#..##.##.##.?......#
#.. #...........## #.
####.#....)..#
#..####..........#


You could see an adder and an orc.

Vanquished Creatures
  2 worms (D:2)
  2 dart slugs
  An orc (D:3)
  4 endoplasms
  3 giant cockroaches
  6 goblins
  2 hobgoblins
  A quokka (D:1)
  2 ball pythons (D:2)
  2 frilled lizards
  4 kobolds
  4 rats
33 creatures vanquished.

Vanquished Creatures (collateral kills)
  A rat (D:1)
1 creature vanquished.

Vanquished Creatures (others)
  3 plants (D:3)
3 creatures vanquished.

Grand Total: 37 creatures vanquished

Notes
Turn   | Place    | Note
-------+----------+-------------------------------------------
     0 | D:1      | H0rd4k the Human Artificer began the quest for the Orb.
     0 | D:1      | Reached XP level 1. HP: 15/15 MP: 1/1
   474 | D:1      | Reached XP level 2. HP: 17/21 MP: 2/2
  1457 | D:1      | Reached XP level 3. HP: 19/26 MP: 3/3
  1975 | D:2      | Reached skill level 4 in Evocations
  2864 | D:3      | Found a stormy altar of Qazlal.
  2904 | D:3      | Slain by an adder

Illustrated notes

Levels and vault maps discovered:
D:1:      dpeg_arrival_lava_temple_mockup, layout_loops_ring
D:2:      layout_loops_corners
D:3:      layout_loops_cross, grunt_temple_overflow_forces_of_nature,
          nicolae_ecumenical_snake_handling, st_stairs_5, serial_bayou_lake_a,
          uniq_grinder

Skill      XL: |  1  2  3 |
---------------+----------+-----
Evocations     | 4 |  4.0
Fighting       | |  1.4
Short Blades   | |  0.4
Armour         | |  2.0
Dodging        | |  1.7
Stealth        | |  1.0

Action                   || total
-------------------------++-------
Melee: Dagger            ||   115
       Club              ||     3
       Rapier            ||    27
       Punch             ||     1
Evoke: Wand              ||     3
 Stab: Sleeping          ||     2
Armor: Leather armour    ||    25
Dodge: Dodged            ||    75
